 Dungeon Crawl Stone Soup version 0.22-a0-750-ga7dcef7 (webtiles) character file.

2286 sking99 the Grappler (level 9, -1/94 HPs)
             Began as an Ogre Transmuter on July 15, 2018.
             Was a Believer of Yredelemnul.
             Slain by Joseph
             ... wielding a cursed +0 quarterstaff
              (7 damage)
             ... on level 7 of the Dungeon.
             The game lasted 00:15:20 (7674 turns).

sking99 the Grappler (Ogre Transmuter)              Turns: 7674, Time: 00:15:21

Health: -1/94      AC:  2    Str: 16    XL:     9   Next: 39%
Magic:  0/21       EV: 22    Int: 14    God:    Yredelemnul [**....]
Gold:   258        SH:  0    Dex: 17    Spells: 3/12 levels left

rFire    . . .     SeeInvis .     - Unarmed
rCold    . . .     Gourm    .   (shield currently unavailable)
rNeg     . . .     Faith    .   (armour currently unavailable)
rPois    x         Spirit   +   (helmet currently unavailable)
rElec    .         Reflect  .   (cloak currently unavailable)
rCorr    .         Harm     .   (gloves unavailable)
MR       .....                  (boots unavailable)
Stlth    ++........             x - amulet of guardian spirit
HPRegen  0.25/turn              s - ring of magical power
MPRegen  0.17/turn              v - ring of wizardry

@: lethally poisoned (-1 -> -2), spider-form (expiring)
A: tiny, unfitting armour
a: End Transformation, Animate Remains, Recall Undead Slaves, Injury Mirror,
Renounce Religion


You were on level 7 of the Dungeon.
You worshipped Yredelemnul.
Yredelemnul was pleased with you.
You were not hungry.
You were a venomous arachnid creature.
You visited 1 branch of the dungeon, and saw 7 of its levels.

You collected 258 gold pieces.

Inventory:

Missiles
 a - 30 arrows
Armour
 b - a +1 robe (melded)
Jewellery
 h - an uncursed amulet of the gourmand
 s - a ring of magical power (left front leg)
 v - a ring of wizardry (right front leg)
 x - an amulet of guardian spirit (around neck)
 y - a cursed ring of protection from cold {unknown}
Wands
 g - a wand of polymorph (11)
 m - a wand of digging (28)
 u - a wand of flame (32)
Scrolls
 c - 3 scrolls of fog {unknown}
 f - 5 scrolls of remove curse
 j - 3 scrolls of fear {unknown}
 o - a scroll of vulnerability {unknown}
 p - a scroll of noise {unknown}
 q - 2 scrolls of teleportation {unknown}
 t - a scroll of blinking
 z - a scroll of identify
Potions
 e - a potion of haste
 i - 2 potions of flight
 k - 2 potions of heal wounds
 l - a potion of degeneration {unknown}
 n - a potion of cancellation {unknown}
 r - a potion of lignification {unknown}
Comestibles
 d - 3 rations
 w - 9 chunks of flesh


   Skills:
 + Level 7.7 Fighting
 + Level 4.5 Dodging
 * Level 8.1 Unarmed Combat
 - Level 2.4 Spellcasting
 - Level 4.1 Transmutations
 - Level 2.4 Poison Magic


You had 3 spell levels left.
You knew the following spells:

 Your Spells              Type           Power        Failure   Level  Hunger
a - Ice Form              Ice/Tmut       #.......     52%         4    #####..
b - Sticks to Snakes      Tmut           ##......     7%          2    ###....
c - Spider Form           Tmut/Pois      ##........   16%         3    ###....

Your spell library contained the following spells:

 Spells                   Type           Power        Failure   Level  Hunger
 Confuse                  Hex            #.......     43%         3    ###....
 Animate Dead             Necr           N/A          77%         4    #####..
 Pain                     Necr           #...         19%         1    #......
 Animate Skeleton         Necr           N/A          19%         1    #......
 Vampiric Draining        Necr           #.........   43%         3    ###....
 Regeneration             Chrm/Necr      #.........   43%         3    ###....
 Tukima's Dance           Hex            #.......     43%         3    ###....
 Blade Hands              Tmut           ##........   58%         5    ######.
 Ensorcelled Hibernation  Hex/Ice        #.....       26%         2    ###....
 Corona                   Hex            #......      19%         1    #......
 Beastly Appendage        Tmut           ##....       5%          1    #......
 Dazzling Spray           Conj/Hex       #.....       43%         3    ###....


Dungeon Overview and Level Annotations

Branches:
Dungeon (7/15)             Temple (0/1) D:7

Altars:
Cheibriados
Dithmenos
Elyvilon
Hepliaklqana
Makhleb
Nemelex Xobeh
Ru
Vehumet
Wu Jian
Yredelemnul

Annotations:
D:7 Joseph


Innate Abilities, Weirdness & Mutations

You are too large for most types of armour.
((You have tough skin. (AC +1)))


Message History

Joseph is severely wounded.
The hound closely misses you. Joseph misses you. The hound bites you.
* * * LOW HITPOINT WARNING * * *
The hound pauses to sniff the ground.
You see here the human corpse of Prince Ribbit.
You feel sick.
Joseph says, "I'm here to kill trespassers.
I like my job."
Joseph barely misses you. The hound misses you.
You feel sick. The hound misses you. Joseph completely misses you.
You bite the hound!
The hound is poisoned.
The hound is heavily wounded.
Your transformation is almost over.
The hound misses you. Joseph hits you with a quarterstaff!
* * * LOW HITPOINT WARNING * * *
The hound misses you.
You hit the hound.
The hound looks as sick as possible!
The hound is severely wounded.
Joseph hits you with a quarterstaff!
You die...
Your body rises from the dead as a mindless zombie.

...... .........### .....
...........# #... #....8.8.8.#
#...##+#######.....⌠.⌠..#
#...........##....8.>.8.#
#..................⌠.⌠..###
+..†..............8.8.8....
#..)##......@.............
#...##...†..hs............
.....#.......##.......##$. .
.......#.......##.....÷.# #####..
.......#................##......#
......F#.................#.......
...@...#.................'.......
#.................#.......
##.##+#####......##......# #.#
#......#########


You could see Joseph and a hound.

Vanquished Creatures
  Prince Ribbit (D:7)
  A hippogriff (D:7)
  Edmund (D:5)
  A water moccasin (D:7)
  5 ogres
  2 bullfrogs
  A gnoll sergeant (D:6)
  A howler monkey (D:4)
  2 centaur zombies
  2 hounds
  A jelly (D:6)
  5 orc wizards
  3 orc priests (D:6)
  Ijyb (D:5)
  2 iguanas (D:6)
  5 worker ants
  A howler monkey zombie (D:5)
  A worker ant zombie (D:2)
  11 gnolls
  2 adders (D:2)
  A shadow imp (D:6)
  2 oozes
  An adder skeleton (D:5)
  2 worms (D:3)
  3 dart slugs
  3 leopard geckos
  26 orcs
  3 giant cockroaches (D:1)
  7 goblins
  10 hobgoblins
  8 jackals
  4 ball pythons
  A ball python zombie (D:5)
  5 bats
  5 frilled lizards
  5 kobolds
  A quokka skeleton (D:6)
  5 rats
  A spectral orc (D:2)
142 creatures vanquished.

Vanquished Creatures (collateral kills)
  Menkaure (D:5)
  A necrophage (D:5)
  An orc wizard (D:6)
  A hound zombie (D:6)
  An orc (D:6)
5 creatures vanquished.

Vanquished Creatures (others)
  A goblin zombie (D:5)
  2 orc skeletons (D:6)
  A jackal zombie (D:5)
  2 orc zombies
6 creatures vanquished.

Grand Total: 153 creatures vanquished

Notes
Turn   | Place    | Note
-------+----------+-------------------------------------------
     0 | D:1      | sking99 the Ogre Transmuter began the quest for the Orb.
     0 | D:1      | Reached XP level 1. HP: 19/19 MP: 3/3
    22 | D:1      | Reached skill level 3 in Unarmed Combat
   143 | D:1      | Reached XP level 2. HP: 28/28 MP: 5/5
   872 | D:1      | Reached XP level 3. HP: 23/36 MP: 6/6
   879 | D:1      | Learned a level 2 spell: Sticks to Snakes
   883 | D:1      | Learned a level 3 spell: Spider Form
  1669 | D:2      | Found a radiant altar of Vehumet.
  1702 | D:2      | Reached XP level 4. HP: 44/44 MP: 1/7
  1853 | D:2      | Reached skill level 4 in Unarmed Combat
  1853 | D:2      | Reached skill level 1 in Poison Magic
  1857 | D:2      | Reached XP level 5. HP: 17/53 MP: 3/8
  2137 | D:2      | Found a basalt altar of Yredelemnul.
  2305 | D:2      | Found an ornate altar of the Wu Jian Council.
  2629 | D:2      | Became a worshipper of Yredelemnul the Dark
  3655 | D:4      | Reached XP level 6. HP: 54/62 MP: 2/9
  3691 | D:4      | HP: 3/62 [poisoned by a worker ant]
  4052 | D:4      | Reached skill level 5 in Unarmed Combat
  4052 | D:4      | Reached XP level 7. HP: 70/71 MP: 7/10
  4770 | D:5      | Entered Level 5 of the Dungeon
  4794 | D:5      | Found a white marble altar of Elyvilon.
  4802 | D:5      | Found a shadowy altar of Dithmenos.
  4862 | D:5      | Reached * piety under Yredelemnul
  5183 | D:5      | Found a hazy altar of Hepliaklqana.
  5215 | D:5      | Noticed Ijyb
  5226 | D:5      | Killed Ijyb
  5266 | D:5      | Reached skill level 5 in Fighting
  5452 | D:5      | Noticed Edmund
  5476 | D:5      | Killed Edmund
  5476 | D:5      | Reached XP level 8. HP: 51/80 MP: 11/11
  5492 | D:5      | Your ally Ijyb died
  5497 | D:5      | Reached skill level 6 in Unarmed Combat
  5620 | D:5      | Noticed Menkaure
  5627 | D:5      | Killed Menkaure
  5722 | D:5      | Learned a level 4 spell: Ice Form
  5802 | D:5      | Found a snail-covered altar of Cheibriados.
  5991 | D:6      | HP: 4/84 [poisoned by a worker ant]
  5994 | D:6      | HP: 1/84 [poisoned by a worker ant]
  5996 | D:6      | Reached ** piety under Yredelemnul
  6340 | D:6      | Found a sparkling altar of Nemelex Xobeh.
  6409 | D:6      | Reached skill level 7 in Unarmed Combat
  6737 | D:6      | Reached XP level 9. HP: 86/92 MP: 0/12
  6882 | D:6      | Found a sacrificial altar of Ru.
  7282 | D:6      | Found a burning altar of Makhleb.
  7490 | D:7      | Found a staircase to the Ecumenical Temple.
  7640 | D:7      | Noticed Prince Ribbit
  7646 | D:7      | Noticed Joseph
  7664 | D:7      | Killed Prince Ribbit
  7664 | D:7      | Reached skill level 8 in Unarmed Combat
  7674 | D:7      | Slain by Joseph

Vault maps used:
D:1:      arrival_zaba_pyramid
D:2:      old_standard_altar, yredelemnul_forgotten_temple_becter,
          lemuel_doored_altar, first_ration, minmay_pentomino_v4
D:4:      minivault_23
D:5:      nicolae_overflow_hidden_temple, kennysheep_cluttered_room,
          uniq_menkaure, uniq_edmund, uniq_ijyb
D:6:      lemuel_coloured_pillars_altar, nicolae_ru_path_of_blood,
          nemelex_diamond_rough_becter
D:7:      minmay_temple_entry_statues_fountains, nemelex_dance_club_becter,
          uniq_joseph, uniq_prince_ribbit1

Skill      XL: |  1  2  3  4  5  6  7  8  9 |
---------------+----------------------------+-----
Unarmed Combat | 3 4 5 7 8 |  8.1
Fighting       | 2 3 4 5 6 7 |  7.7
Transmutations | 2 3 4 |  4.1
Poison Magic   | 1 2 |  2.4
Dodging        | 2 3 4 |  4.5
Spellcasting   | |  2.4

Action                   |  1- 3 |  4- 6 |  7- 9 || total
-------------------------+-------+-------+-------++-------
Melee: Unarmed           |   160 |   135 |   253 ||   548
       Punch             |     2 |     1 |     3 ||     6
       Headbutt          |       |     2 |       ||     2
 Cast: Spider Form       |     3 |    16 |    32 ||    51
       Beastly Appendage |       |     1 |       ||     1
       Sticks to Snakes  |       |     1 |     5 ||     6
Invok: Animate Remains   |       |       |     9 ||     9
  Use: Scroll            |       |     6 |     2 ||     8
       Potion            |       |       |     2 ||     2
 Stab: Distracted        |     1 |       |       ||     1
       Sleeping          |       |       |     1 ||     1
  Eat: Chunk             |     3 |     7 |    26 ||    36
       Ration            |       |     1 |     1 ||     2
Armor: Robe              |    54 |    20 |    19 ||    93
       Skin              |     2 |       |     9 ||    11
Dodge: Dodged            |    87 |    83 |   211 ||   381

Table legend:
 A = Spawn XP
 B = Non-spawn XP
 C = Spawn XP percentage of total XP
 D = Spawn monster count
 E = Non-spawn monster count
 F = Spawn count percentage of total count
 G = Total turns spent on level
                    A         B        C        D         E        F      G
               +---------+---------+-------+---------+---------+-------+---------
         Total |       0 |    3266 |   0.0 |       0 |     147 |   0.0 |  7674
               +---------+---------+-------+---------+---------+-------+---------
           D:1 |       0 |      46 |   0.0 |       0 |      25 |   0.0 |  1513
           D:2 |       0 |     166 |   0.0 |       0 |      30 |   0.0 |  1141
           D:3 |       0 |      83 |   0.0 |       0 |      14 |   0.0 |  1191
           D:4 |       0 |     465 |   0.0 |       0 |      12 |   0.0 |   925
           D:5 |       0 |     964 |   0.0 |       0 |      24 |   0.0 |  1040
           D:6 |       0 |     745 |   0.0 |       0 |      36 |   0.0 |  1672
           D:7 |       0 |     797 |   0.0 |       0 |       6 |   0.0 |   192
               +---------+---------+-------+---------+---------+-------+---------
